 Dungeon Crawl Stone Soup version 0.29.1-15-g9cfb28693d (webtiles) character file.

Game seed: 5291386587835790119

2 leafyfresh the Sneak (level 1, -1/16 HPs)
             Began as an Octopode Delver on Mar 4, 2023.
             Slain by an iguana (8 damage)
             ... on level 5 of the Dungeon.
             The game lasted 00:00:06 (44 turns).

leafyfresh the Sneak (Octopode Delver)                Turns: 44, Time: 00:00:07

Health: -1/16      AC:  1    Str: 11    XL:     1   Next: 40%
Magic:  1/1        EV: 13    Int: 12    God:
Gold:   0          SH:  0    Dex: 13    Spells: 0/0 levels left

rFire   . . .      SeeInvis .   a - +0 short sword
rCold   . . .      Faith    .   (no shield)
rNeg    . . .      Spirit   .   (helmet restricted)
rPois   .          Reflect  .   (no amulet)
rElec   .          Harm     .   (no ring)
rCorr   .          Rampage  .   (no ring)
Will    .....                   (no ring)
Stlth   ++++......              (no ring)
HPRegen 0.05/turn               (no ring)
MPRegen 0.07/turn               (no ring)
                                (no ring)
                                (no ring)

@: no status effects
A: almost no armour, amphibious, 8 rings, camouflage 1, gelatinous body 1,
(nimble swimmer 1), tentacles
a: no special abilities


You were on level 5 of the Dungeon.
You visited 1 branch of the dungeon, and saw 1 of its levels.

Inventory:

Hand Weapons
 a - a +0 short sword (weapon)
Wands
 f - a wand of digging (3)
Scrolls
 b - a scroll of fog
 c - a scroll of magic mapping
 d - a scroll of fear
Potions
 e - a potion of haste
 g - a potion of curing {unknown}


   Skills:
 + Level 3.0 Fighting
 - Level 2.0 Short Blades
 + Level 2.0 Dodging
 + Level 6.6 Stealth


You couldn't memorise any spells.
You didn't know any spells.
Your spell library was empty.

Dungeon Overview and Level Annotations

Branches:
Dungeon (5/15)
 Temple: D:4-7

Altars:


Innate Abilities, Weirdness & Mutations

You cannot wear most types of armour.
You are amphibious.
You can wear up to eight rings at the same time.
Your skin changes colour to match your surroundings (Stealth+).
Your rubbery body absorbs attacks. (AC +1, EV +1)
((You are camouflaged when in or above water. (Stealth+)))
You have tentacles for arms and can constrict up to eight enemies at once.


Message History

Press ? for a list of commands and other information.
Found a bubbling yellow potion.
Found a stone staircase leading down.
Found a whip.
No target in view!
g - a bubbling yellow potion No target in view!
Found a morningstar.
No target in view!
Found an escape hatch in the floor.
No target in view!
You see here a +0 morningstar.
A dart slug comes into view.
A dart slug is nearby!
A dart slug is nearby!
A dart slug is nearby!
A dart slug is nearby!
You strike the helpless dart slug from behind!
You puncture the dart slug!
You kill the dart slug!
An iguana comes into view.
An iguana is nearby!
An iguana is nearby!
A white imp comes into view.
There are monsters nearby!
You hit the iguana. You grab the iguana.
The iguana is lightly wounded.
You constrict the iguana. The iguana barely misses you.
You hit the iguana but do no damage.
The iguana is moderately wounded.
You constrict the iguana.
The white imp shouts, "Back with thee, thou errant boil-brained tiler!"
The iguana bites you!
Ouch! That really hurt!
The white imp laughs crazily.
You hit the iguana but do no damage.
The iguana is moderately wounded.
You constrict the iguana, but do no damage.
The iguana bites you!
Ouch! That really hurt!
You die...

#.# #.# #.# #.#
##############.###
.................#
.......†.....#.#.#
...............#.#
.............#.#@#
.............#.#l#
.............#.#.#
.............#.#.#
###..........#.#.#
##..).########.#5#
....### .#.# ###.#
#.# #.#


You could see an iguana and a white imp.

Vanquished Creatures
  A dart slug (D:5)
1 creature vanquished.

Notes
Turn   | Place    | Note
-------+----------+-------------------------------------------
     0 | D:5      | leafyfresh the Octopode Delver began the quest for the Orb.
     0 | D:5      | Reached XP level 1. HP: 16/16 MP: 1/1
    38 | D:5      | Noticed an iguana
    44 | D:5      | Slain by an iguana

Illustrated notes

Levels and vault maps discovered:
D:5:      layout_basic, minmay_misc_feat_hallway, uniq_duvessa

Action                   || total
-------------------------++-------
Melee: Short sword       ||     4
       Constrict         ||     1
 Stab: Distracted        ||     1
Dodge: Dodged            ||     1
